[Event "Titled Tuesday Blitz May 2 Early 2023"]
[White "Srdanovic, Jovana"]
[Black "Richter, Paul"]
[WhiteFideId "954810"]
[BlackFideId "2046350"]
[WhiteElo "2145"]
[BlackElo "2171"]
[Result "0-1"]
[Round "01"]
[TimeControl "180+2"]
[Date "2023.05.02"]
[WhiteClock "0:00:00"]
[BlackClock "0:00:00"]

1. d4 Nf6 2. c4 g6 3. Nc3 Bg7 4. e4 O-O 5. h3 d6 6. Be3 e5 7. d5 Na6 8. g4 Nc5 9. f3 h5 10. Qd2 Nh7 11. O-O-O h4 12. Nge2 Bf6 13. Kb1 Bg5 14. Nc1 Bxe3 15. Qxe3 a5 16. Nd3 b6 17. Nxc5 bxc5 18. Bd3 Bd7 19. f4 exf4 20. Qxf4 Qg5 21. Rdf1 Rab8 22. Qf2 Qe5 23. Ka1 a4 24. a3 Rb3 25. Nb1 Rxd3 26. Qxh4 Ng5 27. Qh6 Nxe4 28. h4 Rb8 29. Qc1 Rdb3 30. h5 Rxb2 0-1


[Site "https://www.chess.com"]

[Event "Titled Tuesday Blitz May 2 Early 2023"]
[White "Rodchenkov, Sergey D."]
[Black "Cramling Bellon, Anna"]
[WhiteFideId "4168712"]
[BlackFideId "32009232"]
[WhiteElo "2277"]
[BlackElo "1972"]
[Result "1-0"]
[Round "01"]
[TimeControl "180+2"]
[Date "2023.05.02"]
[WhiteClock "0:00:00"]
[BlackClock "0:00:00"]

1. e4 c5 2. Nf3 e6 3. d4 cxd4 4. Nxd4 Nf6 5. Nc3 Nc6 6. Nxc6 bxc6 7. e5 Nd5 8. Ne4 Qc7 9. f4 Qb6 10. c4 Bb4+ 11. Ke2 f5 12. Nf2 Ne7 13. Nd3 Ba6 14. Be3 Qb8 15. Qb3 Ba5 16. Qa4 Nd5 17. Qxa5 Bxc4 18. b3 Bb5 19. Kf2 g5 20. Qd2 Bxd3 21. Bxd3 gxf4 22. Bxf4 Rg8 23. g3 h5 24. Rhf1 h4 25. Kg2 c5 26. Kh1 Qb7 27. Qg2 h3 28. Qf3 Rg4 29. Bc4 Qb4 30. Bxd5 exd5 31. Qxd5 O-O-O 32. Rac1 d6 33. exd6 Qe4+ 34. Qxe4 fxe4 35. Rxc5+ Kd7 36. Rc7+ Ke6 37. Re1 Kd5 38. Rc4 Re8 39. Rd1+ 1-0


[Site "https://www.chess.com"]

[Event "Titled Tuesday Blitz May 2 Early 2023"]
[White "Larina, Maria"]
[Black "Mekhane, Adam"]
[WhiteFideId "24113182"]
[BlackFideId "36050601"]
[WhiteElo "1848"]
[BlackElo "2177"]
[Result "0-1"]
[Round "01"]
[TimeControl "180+2"]
[Date "2023.05.02"]
[WhiteClock "0:00:00"]
[BlackClock "0:00:00"]

1. e4 c5 2. Nc3 Nc6 3. g3 e5 4. Bg2 g6 5. d3 Bg7 6. Be3 d6 7. Qd2 Nd4 8. Nge2 Be6 9. O-O Ne7 10. f4 O-O 11. Nd1 f5 12. c3 Nxe2+ 13. Qxe2 exf4 14. Bxf4 Qd7 15. Nf2 Rae8 16. Qd2 Nc6 17. b3 d5 18. exf5 Bxf5 19. Rae1 b5 20. Rxe8 Rxe8 21. Re1 Rxe1+ 22. Qxe1 b4 23. cxb4 Nxb4 24. Qd2 Qe6 25. h3 Bd4 26. g4 Bxd3 27. a3 Nc6 28. Qxd3 Qe1+ 29. Qf1 Bxf2+ 30. Kh2 Qxf1 31. Bxf1 Kf7 32. Bd6 Ke6 33. Bc7 Bd4 34. Bb5 Be5+ 35. Bxe5 Nxe5 36. Kg3 c4 37. bxc4 dxc4 38. Kf4 Kd5 39. Ke3 g5 40. Ba4 Ng6 41. Bd1 Nf4 42. h4 h6 43. hxg5 hxg5 44. Bf3+ Kc5 45. Kd2 Kd4 46. Bd1 Nd5 47. a4 Ne3 48. Be2 c3+ 49. Kc1 Kc5 50. Kb1 Kb4 51. Bb5 Nxg4 52. Kc2 Ne3+ 53. Kd3 c2 54. Kd2 g4 55. Be2 g3 56. Bf3 g2 57. Bxg2 Nxg2 58. Kxc2 Kxa4 59. Kb2 Nf4 60. Ka2 Nd5 61. Ka1 Kb3 62. Kb1 Nb4 63. Ka1 a5 64. Kb1 a4 65. Ka1 a3 66. Kb1 Nc2 67. Kc1 a2 68. Kd2 a1=Q 69. Kd3 Qd4+ 70. Ke2 0-1


[Site "https://www.chess.com"]

[Event "Titled Tuesday Blitz May 2 Early 2023"]
[White "Ingebretsen, Jens E"]
[Black "Cueto, Jonny"]
[WhiteFideId "1522965"]
[BlackFideId "3300145"]
[WhiteElo "2213"]
[BlackElo "2234"]
[Result "1-0"]
[Round "01"]
[TimeControl "180+2"]
[Date "2023.05.02"]
[WhiteClock "0:00:00"]
[BlackClock "0:00:00"]

1. d4 e6 2. c4 Nf6 3. Nc3 Bb4 4. Qc2 b6 5. Nf3 Bb7 6. a3 Be7 7. e4 d6 8. Bd3 Nbd7 9. Bg5 e5 10. O-O O-O 11. Rad1 h6 12. Bh4 a6 13. Rfe1 Qe8 14. Nd5 c6 15. Ne3 c5 16. d5 Nh7 17. Nf5 Bxh4 18. N3xh4 Qb8 19. Re3 Bc8 20. Rg3 Ng5 21. Qd2 Kh7 22. Rxg5 hxg5 23. Qxg5 1-0


[Site "https://www.chess.com"]

[Event "Titled Tuesday Blitz May 2 Early 2023"]
[White "Karttunen, Mika"]
[Black "Hartikainen, Jarmo"]
[WhiteFideId "502081"]
[BlackFideId "503134"]
[WhiteElo "2396"]
[BlackElo "2108"]
[Result "1-0"]
[Round "01"]
[TimeControl "180+2"]
[Date "2023.05.02"]
[WhiteClock "0:00:01"]
[BlackClock "0:00:00"]

1. e4 c5 2. Nf3 Nc6 3. d4 cxd4 4. Nxd4 e5 5. Nb5 d6 6. c4 a6 7. N5c3 Nf6 8. Na3 Be6 9. Nc2 Be7 10. Be2 O-O 11. O-O Rb8 12. Be3 b6 13. h3 Re8 14. Qd2 Bf8 15. Rfd1 Qc8 16. Rac1 Na5 17. b3 Rb7 18. Nb4 Rc7 19. Bxb6 1-0


[Site "https://www.chess.com"]

[Event "Titled Tuesday Blitz May 2 Early 2023"]
[White "Torres Dominguez, David"]
[Black "Kubicka, Anna"]
[WhiteFideId "2220857"]
[BlackFideId "1152254"]
[WhiteElo "1999"]
[BlackElo "2144"]
[Result "0-1"]
[Round "01"]
[TimeControl "180+2"]
[Date "2023.05.02"]
[WhiteClock "0:00:00"]
[BlackClock "0:00:00"]

1. e4 c5 2. Nc3 g6 3. d4 cxd4 4. Qxd4 Nf6 5. Bb5 a6 6. e5 Nh5 7. e6 Bg7 8. exf7+ Kf8 9. Qa4 Nc6 10. Be2 Nf6 11. Nf3 h6 12. O-O Kxf7 13. Qb3+ e6 14. Bf4 Qa5 15. Rad1 Qf5 16. Bd6 Bf8 17. Bd3 Qh5 18. Bxf8 Rxf8 19. Ne4 Nxe4 20. Bxe4 d5 21. Bd3 Kg7 22. Qc3+ Rf6 23. Rfe1 Bd7 24. b3 Rf8 25. Rd2 Kh7 26. Ne5 Nxe5 27. Rxe5 Qg4 28. g3 R8f7 29. Rde2 d4 30. Qe1 Bc6 31. Be4 Bxe4 32. R5xe4 Qf5 33. Rxe6 Rxe6 34. Rxe6 Qxc2 35. Re7 Qf5 36. Rxf7+ Qxf7 37. Qe4 Qd7 38. Qd3 b5 39. Kf1 h5 40. h4 Qd5 41. Ke2 Qe5+ 42. Kd2 Qf6 43. Ke2 Qe5+ 44. Kd2 a5 45. Kd1 b4 46. Kd2 Qc5 47. f3 Qe5 48. Qe4 Qc5 49. Qd3 Qc3+ 50. Qxc3 dxc3+ 51. Kd3 Kg7 52. g4 Kf6 53. Kc2 Ke5 54. Kd3 Kf4 55. gxh5 gxh5 56. a3 Kxf3 57. axb4 axb4 58. Kc2 Kg4 0-1


[Site "https://www.chess.com"]

[Event "Titled Tuesday Blitz May 2 Early 2023"]
[White "Goncalves, Davi Sulzbacher"]
[Black "Necula, Iulian"]
[WhiteFideId "2154510"]
[BlackFideId "1232380"]
[WhiteElo "2182"]
[BlackElo "1790"]
[Result "1-0"]
[Round "01"]
[TimeControl "180+2"]
[Date "2023.05.02"]
[WhiteClock "0:00:00"]
[BlackClock "0:00:00"]

1. d4 d6 2. c4 e5 3. Nf3 e4 4. Nfd2 f5 5. Nc3 Nf6 6. e3 c6 7. d5 g6 8. Be2 Bg7 9. O-O O-O 10. Nb3 a5 11. Nd4 cxd5 12. cxd5 Na6 13. Bd2 Nc5 14. a3 Qb6 15. Bb5 Bd7 16. b4 Nd3 17. bxa5 Rxa5 18. Bxd3 exd3 19. Rb1 Qa7 20. Ncb5 Bxb5 21. Nxb5 Rxb5 22. Rxb5 Qa6 23. Qb3 Ne4 24. Ba5 d2 25. Rd1 Be5 26. Bxd2 Nc5 27. Qc4 Qa7 28. Bb4 Rb8 29. Bxc5 dxc5 30. Qxc5 Qa4 31. Rdb1 Re8 32. Rxb7 Bf6 33. d6 Bd8 34. Qd5+ 1-0


[Site "https://www.chess.com"]

[Event "Titled Tuesday Blitz May 2 Early 2023"]
[White "Van Baar, Esper"]
[Black "Vlassov, Nikolai"]
[WhiteFideId "1049321"]
[BlackFideId "4103360"]
[WhiteElo "2180"]
[BlackElo "2324"]
[Result "0-1"]
[Round "01"]
[TimeControl "180+2"]
[Date "2023.05.02"]
[WhiteClock "0:00:00"]
[BlackClock "0:00:00"]

1. e4 Nc6 2. Nf3 d5 3. exd5 Qxd5 4. d4 Bg4 5. Be2 O-O-O 6. c4 Qh5 7. Be3 Nh6 8. O-O Nf5 9. h3 Nxe3 10. fxe3 Bxf3 11. Bxf3 Qh6 12. Qe2 e5 13. Bxc6 Qxc6 14. d5 Qg6 15. Nc3 Bc5 16. Na4 Be7 17. Qg4+ Qxg4 18. hxg4 f6 19. Rad1 a6 20. Nc3 Bc5 21. Kf2 h5 22. gxh5 Rxh5 23. Rh1 Rdh8 24. Rxh5 Rxh5 25. Ne4 Be7 26. c5 f5 27. Ng3 Bh4 28. Kf3 e4+ 29. Kf4 Bxg3+ 30. Kxg3 g6 31. d6 cxd6 32. cxd6 Kd7 33. Kf4 Rh8 34. Rd2 Re8 35. Kg5 Re6 36. g4 fxg4 37. Kxg4 Rxd6 38. Rxd6+ Kxd6 39. Kg5 Kc5 40. Kxg6 Kc4 41. Kf5 Kd3 42. Kf4 a5 43. a4 b6 44. b3 Kc3 45. Kxe4 Kxb3 46. Kd5 Kxa4 47. e4 Kb4 48. e5 a4 49. e6 a3 50. e7 a2 51. e8=Q a1=Q 52. Qe4+ Ka5 53. Qe5 Qxe5+ 54. Kxe5 Kb4 55. Kd4 b5 56. Kd3 Ka3 57. Kc2 b4 0-1


[Site "https://www.chess.com"]

[Event "Titled Tuesday Blitz May 2 Early 2023"]
[White "Erzhanov, Arman"]
[Black "James, Stuart"]
[WhiteFideId "4138821"]
[BlackFideId "7400489"]
[WhiteElo "2138"]
[BlackElo "1950"]
[Result "1-0"]
[Round "01"]
[TimeControl "180+2"]
[Date "2023.05.02"]
[WhiteClock "0:00:00"]
[BlackClock "0:00:00"]

1. e4 c5 2. Nf3 e6 3. b3 Nc6 4. Bb5 d5 5. Bxc6+ bxc6 6. e5 Ne7 7. d3 Nf5 8. O-O Be7 9. Re1 O-O 10. c4 d4 11. Nbd2 f6 12. Ne4 Kh8 13. a4 Rb8 14. Rb1 Qe8 15. Ba3 Rb4 16. Bxb4 cxb4 17. c5 Qh5 18. Rc1 Ba6 19. Nd6 fxe5 20. Rxe5 Bf6 21. Rxe6 Qg4 22. Nxf5 Qxf5 23. Re4 Bg5 24. Rc2 Bh6 25. Qe2 Qd5 26. Re8 g6 27. Rxf8+ Bxf8 28. Qe8 Kg8 29. Re2 Bxd3 30. Qe6+ Qxe6 31. Rxe6 Bc2 32. Nxd4 Bd1 33. Rxc6 Bg7 34. Rd6 Bxd4 35. Rxd4 Bxb3 36. Rxb4 Bd5 37. Rd4 Bc6 38. Rd6 Bxa4 39. c6 Bb5 40. c7 1-0


[Site "https://www.chess.com"]

[Event "Titled Tuesday Blitz May 2 Early 2023"]
[White "Flis, Pawel"]
[Black "Aggelis, Nikolaos"]
[WhiteFideId "1112864"]
[BlackFideId "4213220"]
[WhiteElo "1822"]
[BlackElo "2189"]
[Result "0-1"]
[Round "01"]
[TimeControl "180+2"]
[Date "2023.05.02"]
[WhiteClock "0:00:00"]
[BlackClock "0:00:00"]

1. e4 c6 2. d4 d5 3. exd5 cxd5 4. c4 Nf6 5. Nc3 g6 6. Nf3 Bg7 7. cxd5 O-O 8. Bc4 Nbd7 9. O-O Nb6 10. Bb3 Nfxd5 11. Nxd5 Nxd5 12. Bg5 h6 13. Bxd5 hxg5 14. Bb3 Bg4 15. d5 Bxb2 16. Rb1 Bf6 17. h3 Bf5 18. Rc1 g4 19. hxg4 Bxg4 20. Qd3 Qd6 21. Nd4 a6 22. f3 Bd7 23. Qd2 Qb6 24. Rfd1 Rac8 25. Rxc8 Rxc8 26. Kh1 Qd6 27. Ne2 Bf5 28. Qf4 Be5 29. Qh4 Kg7 30. Kg1 Rh8 31. Qf2 b5 32. Nd4 Bd7 33. Kf1 Bg3 34. Qe3 Bf4 35. Qf2 Qe5 36. Ne2 Rh1+ 37. Ng1 Be3 38. Re1 Bxf2 39. Rxe5 Bxg1 40. Ke2 Bc5 41. g4 Bd6 42. Re3 a5 43. a3 Bxa3 44. Bc4 Bc5 45. Rc3 bxc4 46. Rxc4 Bb5 47. Kd3 Rc1 48. d6 exd6 49. f4 Rxc4 50. f5 gxf5 51. gxf5 Kf6 52. Kd2 Kxf5 53. Ke1 Ke5 54. Ke2 Kd5 55. Kd2 a4 56. Ke2 a3 57. Kd2 a2 58. Ke2 a1=Q 59. Kd2 Qa2+ 60. Kd3 Qb3+ 61. Kd2 Rc2+ 62. Kd1 Qb1# 0-1


[Site "https://www.chess.com"]

[Event "Titled Tuesday Blitz May 2 Early 2023"]
[White "Aung Thant Zin"]
[Black "Alinasab, Mobina"]
[WhiteFideId "13000063"]
[BlackFideId "12528897"]
[WhiteElo "2278"]
[BlackElo "2149"]
[Result "0-1"]
[Round "01"]
[TimeControl "180+2"]
[Date "2023.05.02"]
[WhiteClock "0:00:00"]
[BlackClock "0:00:00"]

1. e4 c5 2. Nf3 e6 3. d4 cxd4 4. Nxd4 Nf6 5. Nc3 a6 6. Be3 d6 7. Bd3 Be7 8. O-O Qc7 9. a4 b6 10. f4 Nbd7 11. Kh1 Bb7 12. Qe2 O-O 13. Rf3 Rfe8 14. Rg3 Bf8 15. Rf1 d5 16. e5 Ne4 17. Rh3 f5 18. exf6 Ndxf6 19. Nf3 g6 20. Ne5 Bc5 21. Nd1 d4 22. Bd2 Nxd2 23. Qxd2 Qg7 24. Nf2 Rf8 25. Nfg4 Nh5 26. Kg1 Bd6 27. g3 Rae8 28. Re1 Ba8 29. Nf2 Nf6 30. Ne4 Bxe5 0-1


[Site "https://www.chess.com"]

[Event "Titled Tuesday Blitz May 2 Early 2023"]
[White "Krylov, Ivan"]
[Black "Risteski, Emil"]
[WhiteFideId "24128066"]
[BlackFideId "15005267"]
[WhiteElo "2326"]
[BlackElo "2251"]
[Result "0-1"]
[Round "01"]
[TimeControl "180+2"]
[Date "2023.05.02"]
[WhiteClock "0:00:00"]
[BlackClock "0:00:00"]

1. e4 d6 2. d4 Nf6 3. Nc3 e5 4. d5 Be7 5. f3 O-O 6. Be3 c6 7. Bc4 b5 8. Bb3 b4 9. Nce2 Bb7 10. dxc6 Bxc6 11. Ng3 d5 12. exd5 Nxd5 13. Bf2 a5 14. N1e2 Na6 15. O-O Bg5 16. Ne4 Bh6 17. Bxd5 Bxd5 18. N2g3 f5 19. Nc5 Nxc5 20. Bxc5 Rf7 21. Qe2 Rc8 22. Qf2 Qe8 23. Rad1 Qc6 24. Bb6 a4 25. c3 bxc3 26. bxc3 g6 27. a3 Bg7 28. Ba5 Bb3 29. Rd2 h5 30. Bb4 Rd7 31. Rxd7 Qxd7 32. Re1 Bf6 33. Nf1 Kg7 34. Ne3 Rd8 35. Qg3 Kh6 36. h4 f4 37. Qf2 fxe3 38. Qxe3+ Kg7 39. Qe4 Qd5 40. Qe2 Qd2 41. Qe4 Bd5 42. c4 Bxe4 43. Bxd2 Bd3 44. c5 Rc8 45. Bb4 Kf7 46. g3 Bc4 47. Kf2 Bd5 48. Rc1 Bc6 49. Rd1 Rd8 50. Rc1 Rd3 51. Rc3 Rxc3 52. Bxc3 Ke6 53. Ke3 Kd5 54. Bb4 Be7 55. f4 exf4+ 56. Kxf4 Bxc5 57. Bxc5 Kxc5 58. Kg5 Kc4 59. Kxg6 Bf3 60. Kg5 Bg4 61. Kf4 Kb3 62. Ke3 Kxa3 63. Kd3 Kb2 64. Kd2 a3 0-1


[Site "https://www.chess.com"]

[Event "Titled Tuesday Blitz May 2 Early 2023"]
[White "Ronka, Erik"]
[Black "Smith, Shreyas"]
[WhiteFideId "505080"]
[BlackFideId "7400713"]
[WhiteElo "2264"]
[BlackElo "2151"]
[Result "1-0"]
[Round "01"]
[TimeControl "180+2"]
[Date "2023.05.02"]
[WhiteClock "0:00:01"]
[BlackClock "0:00:00"]

1. e4 c5 2. Nf3 Nc6 3. d4 cxd4 4. Nxd4 e6 5. Nb5 d6 6. Bf4 e5 7. Be3 Nf6 8. N5c3 Be7 9. Bc4 O-O 10. O-O Ng4 11. Bc1 Bg5 12. Nd5 Nd4 13. c3 Bxc1 14. Qxc1 Qh4 15. h3 Nf3+ 16. Kh1 Nxf2+ 17. Rxf2 Qxf2 18. Qf1 Qxf1+ 19. Bxf1 Ng5 20. Na3 Ne6 21. Nb5 Rd8 22. Rd1 a6 23. Na3 1-0


[Site "https://www.chess.com"]

[Event "Titled Tuesday Blitz May 2 Early 2023"]
[White "Karamsetty, Jeevan"]
[Black "Sanchez, Robert"]
[WhiteFideId "2025337"]
[BlackFideId "2034360"]
[WhiteElo "2111"]
[BlackElo "1966"]
[Result "1-0"]
[Round "01"]
[TimeControl "180+2"]
[Date "2023.05.02"]
[WhiteClock "0:00:00"]
[BlackClock "0:00:01"]

1. e4 e6 2. d4 d5 3. Bd3 dxe4 4. Bxe4 Nf6 5. Bf3 a6 6. Ne2 Bd6 7. O-O Nc6 8. Be3 h5 9. Nbc3 g5 10. Bxg5 Bxh2+ 11. Kh1 Bd6 12. Qd2 Bd7 13. Ng3 Be7 14. Rae1 Ng4 15. Bf4 Bd6 16. Nf5 Kf8 17. Nxd6 cxd6 18. Bxd6+ Kg8 19. Qf4 1-0


[Site "https://www.chess.com"]

[Event "Titled Tuesday Blitz May 2 Early 2023"]
[White "Al Mutairi, Hassan S"]
[Black "Bilan, Danila"]
[WhiteFideId "21500193"]
[BlackFideId "24161918"]
[WhiteElo "2061"]
[BlackElo "2182"]
[Result "1/2-1/2"]
[Round "01"]
[TimeControl "180+2"]
[Date "2023.05.02"]
[WhiteClock "0:00:01"]
[BlackClock "0:00:00"]

1. e4 c6 2. d4 d5 3. Nc3 dxe4 4. Nxe4 Bf5 5. Ng3 Bg6 6. h4 h6 7. Nf3 Nd7 8. Bd3 Bxd3 9. Qxd3 Qc7 10. Be3 e6 11. O-O-O Bd6 12. Ne2 Ngf6 13. g3 O-O-O 14. Nf4 Rhe8 15. Rhe1 e5 16. dxe5 Nxe5 17. Nxe5 Bxe5 18. Qf5+ Kb8 19. Rxd8+ Rxd8 20. Nd3 Bd6 21. Bxh6 Bf8 22. Bg5 Be7 23. Qe5 Bd6 24. Qf5 Be7 25. Qe5 Bd6 26. Qf5 Be7 1/2-1/2


[Site "https://www.chess.com"]

[Event "Titled Tuesday Blitz May 2 Early 2023"]
[White "Arencibia Monduy, Antonio"]
[Black "Munoz Misselis, Nelson Carlos"]
[WhiteFideId "3507939"]
[BlackFideId "6601790"]
[WhiteElo "2122"]
[BlackElo "1749"]
[Result "1-0"]
[Round "01"]
[TimeControl "180+2"]
[Date "2023.05.02"]
[WhiteClock "0:00:00"]
[BlackClock "0:00:00"]

1. e4 c5 2. Nf3 d6 3. c3 Nf6 4. Be2 e5 5. O-O Be7 6. Re1 Nc6 7. d3 O-O 8. Nbd2 a6 9. a4 Bg4 10. h3 Bh5 11. Nf1 Bg6 12. Ng3 Re8 13. Nh4 d5 14. Qc2 d4 15. Nhf5 Bf8 16. Bf1 Rc8 17. Bg5 Qc7 18. Bxf6 gxf6 19. h4 Kh8 20. Be2 Ne7 21. Nxe7 Qxe7 22. h5 Bg7 23. hxg6 fxg6 24. cxd4 cxd4 25. Qb3 Rc7 26. Bg4 h5 27. Bh3 Kh7 28. Rac1 Bh6 29. Rc2 Rxc2 30. Qxc2 Rb8 31. Re2 h4 32. Nf1 b5 33. a5 Rb7 34. Qc6 Ra7 35. Rc2 g5 36. Bf5+ Kg7 37. Nh2 Kf7 38. Ng4 Bf8 39. Qd5+ Kg7 40. Rc6 Rc7 41. Rxf6 Qxf6 42. Nxf6 Kxf6 43. Qg8 Bd6 44. Qg6+ Ke7 45. Qe6+ 1-0


[Site "https://www.chess.com"]

[Event "Titled Tuesday Blitz May 2 Early 2023"]
[White "Nakamura, Hikaru"]
[Black "Veiga, Jose Francisco R P Neves"]
[WhiteFideId "2016192"]
[BlackFideId "1930087"]
[WhiteElo "2885"]
[BlackElo "2320"]
[Result "1-0"]
[Round "02"]
[TimeControl "180+2"]
[Date "2023.05.02"]
[WhiteClock "0:01:23"]
[BlackClock "0:00:01"]

1. Nf3 Nf6 2. e3 d5 3. d4 Bf5 4. c4 c6 5. Nc3 e6 6. Nh4 Bg4 7. Qb3 Qb6 8. h3 Bh5 9. g4 Bg6 10. Nxg6 hxg6 11. Bg2 Nbd7 12. Bd2 Be7 13. g5 Nh5 14. h4 a6 15. Qxb6 Nxb6 16. c5 Nd7 17. Bh3 Bd8 18. b4 Bc7 19. Ne2 Ke7 20. a4 e5 21. Rb1 f5 22. f4 exf4 23. exf4 Nf8 24. O-O Ne6 25. Rb3 Kf7 26. Bg2 Rhe8 27. Rf2 Re7 28. Bf1 Rae8 29. b5 axb5 30. axb5 Ra8 31. Rb1 Ra2 32. Bc1 Rc2 33. Ra1 cxb5 34. Bg2 Rxe2 35. Rxe2 Nhxf4 36. Bxf4 Nxf4 37. Rxe7+ Kxe7 38. Kf1 Kd7 39. Kf2 Kc6 40. Bf1 Ne6 41. Ke3 Bf4+ 42. Kd3 Bg3 43. Ra8 Bxh4 44. Re8 Nf4+ 45. Kc3 Bxg5 46. Kb4 Kc7 47. Rf8 Bf6 48. Rf7+ Kb8 49. Kxb5 Bxd4 50. Kb6 Kc8 51. Bb5 Kd8 52. Rd7+ Ke8 53. Rxd5+ 1-0


[Site "https://www.chess.com"]

[Event "Titled Tuesday Blitz May 2 Early 2023"]
[White "Borgaonkar Akshay"]
[Black "Paravyan, David"]
[WhiteFideId "25639110"]
[BlackFideId "4194985"]
[WhiteElo "2063"]
[BlackElo "2563"]
[Result "0-1"]
[Round "02"]
[TimeControl "180+2"]
[Date "2023.05.02"]
[WhiteClock "0:00:00"]
[BlackClock "0:00:00"]

1. d4 Nf6 2. Nc3 d5 3. Bf4 g6 4. e3 Bg7 5. h4 h5 6. Nf3 O-O 7. Ne5 c5 8. Qd2 cxd4 9. exd4 Nc6 10. O-O-O Bf5 11. f3 Nb4 12. Nd3 Qa5 13. a3 Nxd3+ 14. Bxd3 Bxd3 15. Qxd3 Rac8 16. Rde1 e6 17. Kb1 Rc4 18. Nd1 Rfc8 19. c3 Bf8 20. Bc1 b5 21. g4 b4 22. axb4 Bxb4 23. Rxe6 Bxc3 24. Rxf6 Bxd4 25. Rxg6+ fxg6 26. Qxg6+ Bg7 27. Bh6 Qc7 28. Ne3 Rc1+ 29. Rxc1 Qxc1+ 30. Ka2 Qxb2# 0-1


[Site "https://www.chess.com"]

[Event "Titled Tuesday Blitz May 2 Early 2023"]
[White "Fedoseev, Vladimir"]
[Black "Simonian, Hrair"]
[WhiteFideId "24130737"]
[BlackFideId "13302337"]
[WhiteElo "2752"]
[BlackElo "2447"]
[Result "1-0"]
[Round "02"]
[TimeControl "180+2"]
[Date "2023.05.02"]
[WhiteClock "0:00:08"]
[BlackClock "0:00:05"]

1. e4 c5 2. Nf3 e6 3. c3 d5 4. exd5 exd5 5. d4 Nf6 6. Bb5+ Bd7 7. Bxd7+ Nbxd7 8. O-O Be7 9. dxc5 Nxc5 10. Be3 O-O 11. Nbd2 Nce4 12. Qc2 Qc7 13. Rad1 Rfd8 14. Bd4 b6 15. Rfe1 Rac8 16. h3 Bc5 17. Nb3 Bd6 18. Re2 Nh5 19. Be3 Bf4 20. Nbd4 Bxe3 21. Rxe3 Nf4 22. Nd2 Nc5 23. Rde1 g6 24. Re7 Rd7 25. Re8+ Rxe8 26. Rxe8+ Kg7 27. N2f3 Re7 28. Rxe7 Qxe7 29. h4 h5 30. g3 Nfe6 31. Qe2 Qf6 32. Nxe6+ fxe6 33. Ng5 Qf5 34. b4 Ne4 35. Nxe4 dxe4 36. c4 Qe5 37. Kg2 Qd4 38. a3 Kf6 39. Qc2 Qd3 40. Qxd3 exd3 41. Kf3 e5 42. Ke3 e4 43. f3 exf3 44. Kxf3 Kf5 45. Ke3 Kg4 46. c5 bxc5 47. bxc5 Kxg3 48. c6 g5 49. hxg5 1-0


[Site "https://www.chess.com"]

[Event "Titled Tuesday Blitz May 2 Early 2023"]
[White "Shyaamnikhil P"]
[Black "Firouzja, Alireza"]
[WhiteFideId "5024218"]
[BlackFideId "12573981"]
[WhiteElo "2389"]
[BlackElo "2904"]
[Result "0-1"]
[Round "02"]
[TimeControl "180+2"]
[Date "2023.05.02"]
[WhiteClock "0:00:06"]
[BlackClock "0:01:55"]

1. e4 c5 2. Nf3 e6 3. c3 Nf6 4. e5 Nd5 5. Bc4 Nb6 6. Bb3 d5 7. d4 Nc6 8. O-O Bd7 9. Nbd2 Rc8 10. a3 Qc7 11. Ba2 cxd4 12. cxd4 Na5 13. b4 Ba4 14. Qe2 Nac4 15. Nb3 Bb5 16. Qd1 Na4 17. Re1 Nc3 18. Qc2 Nxa2 19. Qxa2 b6 20. Bf4 Be7 21. Rac1 O-O 22. Bg5 Bxg5 23. Nxg5 h6 24. Nh3 Qe7 25. Rc3 Rc7 26. Rg3 Qh4 27. a4 Bd7 28. b5 f5 29. f4 Be8 30. Qf2 Kh8 31. Nd2 Nxd2 32. Qxd2 Bh5 33. Rc3 Rxc3 34. Qxc3 Kh7 35. Rc1 Be2 36. Qb4 Rf7 37. Rc8 Qg4 38. Qd2 Bf3 39. Kf1 Be4 40. Ng1 Qh4 41. h3 Qe7 42. Ne2 Qa3 43. Nc3 Qa1+ 44. Kf2 Qh1 45. Kg3 g5 46. Nxe4 gxf4+ 47. Qxf4 Rg7+ 48. Kh4 dxe4 49. g3 Rg4+ 0-1


[Site "https://www.chess.com"]

[Event "Titled Tuesday Blitz May 2 Early 2023"]
[White "Caruana, Fabiano"]
[Black "Korchmar, Vasiliy"]
[WhiteFideId "2020009"]
[BlackFideId "24131750"]
[WhiteElo "2837"]
[BlackElo "2370"]
[Result "1-0"]
[Round "02"]
[TimeControl "180+2"]
[Date "2023.05.02"]
[WhiteClock "0:00:00"]
[BlackClock "0:00:00"]

1. c4 c6 2. Nf3 d5 3. d4 Nf6 4. Nbd2 Bf5 5. Nh4 Be4 6. f3 Bg6 7. e3 Nbd7 8. Nxg6 hxg6 9. Bd3 e5 10. cxd5 Nxd5 11. Qe2 exd4 12. exd4+ Be7 13. Ne4 Qb6 14. Qf2 O-O-O 15. O-O f5 16. Nc3 Bh4 17. g3 Bf6 18. Nxd5 cxd5 19. Bf4 Nb8 20. Rac1+ Nc6 21. Kg2 Bxd4 22. Qd2 Rhe8 23. b4 Be3 24. Bxe3 Qxe3 25. Qd1 Kb8 26. Bb5 Re6 27. Bxc6 Rxc6 28. Rxc6 bxc6 29. Re1 Qc3 30. Qe2 Rd7 31. b5 c5 32. Qe8+ Kc7 33. Re6 Qb2+ 34. Kh3 Qxb5 35. Kh4 g5+ 36. Kxg5 d4 37. Re5 d3 38. Qf8 1-0


[Site "https://www.chess.com"]

[Event "Titled Tuesday Blitz May 2 Early 2023"]
[White "Girish, A. Koushik"]
[Black "Bluebaum, Matthias"]
[WhiteFideId "5038448"]
[BlackFideId "24651516"]
[WhiteElo "2398"]
[BlackElo "2638"]
[Result "0-1"]
[Round "02"]
[TimeControl "180+2"]
[Date "2023.05.02"]
[WhiteClock "0:00:10"]
[BlackClock "0:00:43"]

1. d4 d5 2. Nf3 e6 3. c4 Nf6 4. Nc3 Bb4 5. Qa4+ Nc6 6. e3 O-O 7. Bd2 Qe8 8. Qc2 dxc4 9. Bxc4 e5 10. a3 Bd6 11. d5 e4 12. dxc6 exf3 13. gxf3 Qxc6 14. Be2 Be6 15. h4 Rad8 16. O-O-O Qb6 17. Na4 Qb3 18. Rhg1 b5 19. Bc3 Nh5 20. f4 Qxc2+ 21. Kxc2 bxa4 22. Bxh5 f6 23. Kc1 Bb3 24. Rd2 Be7 25. Bd1 Rxd2 26. Bxd2 Rd8 27. f5 Rd6 28. Bxb3+ axb3 29. e4 Rc6+ 30. Bc3 Bxa3 31. Kd2 Rd6+ 32. Ke2 Bc5 33. Ra1 Bd4 34. Bxd4 Rxd4 35. Ke3 c5 36. Rxa7 Rd1 37. Rb7 c4 38. Rc7 Rc1 39. f4 c3 40. Rb7 cxb2 41. Rxb3 b1=Q 0-1


[Site "https://www.chess.com"]

[Event "Titled Tuesday Blitz May 2 Early 2023"]
[White "Yu, Yangyi"]
[Black "Vaibhav Jayant Raut"]
[WhiteFideId "8603820"]
[BlackFideId "5089034"]
[WhiteElo "2783"]
[BlackElo "2156"]
[Result "1-0"]
[Round "02"]
[TimeControl "180+2"]
[Date "2023.05.02"]
[WhiteClock "0:00:34"]
[BlackClock "0:00:03"]

1. d4 Nf6 2. c4 e6 3. Nc3 d5 4. Nf3 Bb4 5. e3 O-O 6. Bd2 b6 7. cxd5 exd5 8. Bd3 c6 9. O-O Bg4 10. h3 Bh5 11. Rc1 Nbd7 12. Ne2 Bxd2 13. Nxd2 Rc8 14. Qa4 Qc7 15. Nf4 Nb8 16. Nxh5 Nxh5 17. Nf3 Nf6 18. b4 b5 19. Qb3 Qd6 20. a4 a6 21. Rc3 Nbd7 22. a5 Rc7 23. Rfc1 Rfc8 24. Bf5 g6 25. Bxd7 Nxd7 26. R3c2 f5 27. Ne1 Kg7 28. Nd3 Re8 29. Rc3 h6 30. Qc2 Rec8 31. Qe2 Re8 32. Qf3 Rec8 33. h4 Qf6 34. Nf4 Qd6 35. Qg3 Kh7 36. R1c2 Nf8 37. Rc5 Nd7 38. Nxd5 Qxg3 39. fxg3 Nxc5 40. Nxc7 Ne4 41. Rxc6 Nxg3 42. d5 Ne4 43. Nxa6 Rd8 44. Nc7 f4 45. exf4 g5 46. fxg5 hxg5 47. hxg5 Nxg5 48. a6 Ne4 49. a7 1-0


[Site "https://www.chess.com"]

[Event "Titled Tuesday Blitz May 2 Early 2023"]
[White "Mamedov, Edgar"]
[Black "Andreikin, Dmitry"]
[WhiteFideId "13739980"]
[BlackFideId "4158814"]
[WhiteElo "2330"]
[BlackElo "2736"]
[Result "0-1"]
[Round "02"]
[TimeControl "180+2"]
[Date "2023.05.02"]
[WhiteClock "0:00:00"]
[BlackClock "0:00:00"]

1. d4 Nf6 2. Bg5 Ne4 3. Bf4 c5 4. f3 Qa5+ 5. c3 Nf6 6. Nd2 cxd4 7. Nb3 Qd8 8. cxd4 e6 9. e4 Nc6 10. Bd3 Bb4+ 11. Kf2 a5 12. a4 d5 13. e5 Nd7 14. Ne2 O-O 15. Qb1 Kh8 16. h4 f6 17. exf6 Nxf6 18. Bg5 Be7 19. Nf4 Qb6 20. Bxh7 Nxh7 21. Ng6+ Kg8 22. Nxf8 Bxf8 23. Qd3 Bd7 24. Be3 Be7 25. h5 Nb4 26. Qd2 Rf8 27. h6 Nf6 28. hxg7 Ne4+ 29. Kg1 Nxd2 30. gxf8=Q+ Bxf8 31. Nxd2 Nc2 0-1


[Site "https://www.chess.com"]